 Dungeon Crawl Stone Soup version 0.28-a0-691-gad6df49e81 (webtiles) character file.

Game seed: 2716712697185308540

779 willcat the Sneak (level 8, -1/58 HPs)
             Began as a Human Delver on Oct 23, 2021.
             Killed from afar by a steam dragon (18 damage)
             ... with a ball of steam
             ... on level 7 of the Dungeon.
             The game lasted 00:03:39 (2927 turns).

willcat the Sneak (Human Delver)                    Turns: 2927, Time: 00:03:40

Health: -1/58      AC:  4    Str: 13    XL:     8   Next: 10%
Magic:  1/11       EV: 12    Int: 12    God:
Gold:   79         SH:  0    Dex: 15    Spells: 10/12 levels left

rFire   . . .      SeeInvis .   a - +0 short sword
rCold   . . .      Faith    .   (no shield)
rNeg    . . .      Spirit   .   q - +0 troll leather armour
rPois   .          Reflect  .   (no helmet)
rElec   .          Harm     .   (no cloak)
rCorr   .          Rampage  .   (no gloves)
Will    .....                   (no boots)
Stlth   +++.......              (no amulet)
HPRegen 1.19/turn               (no ring)
MPRegen 0.12/turn               (no ring)

@: no status effects
A: no striking features
a: no special abilities


You were on level 7 of the Dungeon.
You visited 1 branch of the dungeon, and saw 3 of its levels.

You collected 79 gold pieces.

Inventory:

Hand Weapons
 a - a +0 short sword (weapon)
Armour
 b - a +0 leather armour
 q - a +0 troll leather armour (worn)
Jewellery
 m - the macabre finger necklace {rN+}
   (You found it on level 5 of the Dungeon)

   [amulet of nothing]

   It enables you to equip an extra ring.
   rN:        It protects you from negative energy.
 r - a ring of resist corrosion
Wands
 g - a wand of digging (3)
Scrolls
 c - a scroll of fog
 d - a scroll of magic mapping
 l - a scroll of vulnerability {unknown}
 n - a scroll of noise {unknown}
 p - 2 scrolls of teleportation {unknown}
Potions
 e - a potion of lignification
 f - a potion of haste
 i - a potion of mutation {unknown}
 j - a potion of degeneration {unknown}
 k - a potion of curing


   Skills:
 - Level 3.0 Fighting
 + Level 4.4 Short Blades
 - Level 3.1 Dodging
 + Level 6.7 Stealth
 + Level 2.6 Spellcasting
 + Level 2.9 Hexes
 + Level 2.9 Ice Magic


You had 10 spell levels left.
You knew the following spells:

 Your Spells              Type           Power      Damage    Failure   Level
a - Ensorcelled Hibernat  Hex/Ice        16%        N/A       14%         2

Your spell library contained the following spells:

 Spells                   Type           Power      Damage    Failure   Level
 Spider Form              Tmut/Pois      0%         N/A       69%         3


Dungeon Overview and Level Annotations

Branches:
Dungeon (7/15)
 Temple: D:4-7

Altars:
Ashenzari

Annotations:
D:6 1 runed translucent door, KoroneIsBestGirl's ghost, novice BaFi


Message History

There is a stone staircase leading down here.
The steam dragon breathes steam at you. The ball of steam hits you!
You are engulfed in a cloud of scalding steam.
Casting: Ensorcelled Hibernation (safe; 14% risk of failure)
Confirm with . or Enter, or press ? or * to list all spells.
Aiming: Ensorcelled Hibernation (safe; 14% risk of failure)
Press: ? - help, Shift-Dir - straight line, f/p - steam dragon
Aim: a steam dragon (catching its breath, chance to affect: 39%)
The steam dragon resists with some effort.
You are engulfed in a cloud of scalding steam.
There is a large open door here.
There is a large open door here.
You close the large door.
You start resting.
HP restored.
Casting: Ensorcelled Hibernation (safe; 14% risk of failure)
Confirm with . or Enter, or press ? or * to list all spells.
Aiming: Ensorcelled Hibernation (safe; 14% risk of failure)
Press: ? - help, Shift-Dir - straight line, f/p - steam dragon
Aim: a steam dragon (chance to affect: 39%)
The steam dragon looks drowsy...
Unknown command.
The steam dragon breathes steam at you. The ball of steam hits you!!
You are engulfed in a cloud of scalding steam.
You open the large door. The steam dragon bites you!
The steam dragon barely misses you. The steam dragon breathes steam at you.
The ball of steam hits you!
There is a large open door here.
You are engulfed in a cloud of scalding steam.
* * * LOW HITPOINT WARNING * * *
There is a large open door here.
You are engulfed in a cloud of scalding steam.
* * * LOW HITPOINT WARNING * * *
There's a creature in the doorway!
The steam dragon breathes steam at you. The ball of steam hits you!!
You die...

###.# #.# #.#### ..#.# #.# #....#
.. ###.#.# #.# #.##.## .# ).#.#.#
#.# ##.#...... ..#.#.#
#.###.....##.# .
..#.#.############.......#..#.#..
.....................>...##.....#
....#........................_...
..######.##.##..@.####...##.....#
.<.........§##.§..+...|..#..#.#..
..######...§##§...####.#...## #
...........§'D....+ ...#.........
#..#####....##....####...........
##.# #....##....# #.######...# .#
#....##....# #.# .### +#
#.#####...... .. # ### #.......


There were no monsters in sight!

Vanquished Creatures
  2 water moccasins (D:6)
  A black bear (D:6)
  2 ogres (D:5)
  A scorpion (D:5)
  A water moccasin zombie (D:5)
  A water moccasin skeleton (D:6)
  A howler monkey (D:6)
  2 hounds (D:5)
  A hound skeleton (D:5)
  A howler monkey zombie (D:7)
  A howler monkey skeleton (D:5)
  An adder (D:5)
  A white imp (D:6)
  An ufetubus (D:5)
  6 orcs
23 creatures vanquished.

Notes
Turn   | Place    | Note
-------+----------+-------------------------------------------
     0 | D:5      | willcat the Human Delver began the quest for the Orb.
     0 | D:5      | Reached XP level 1. HP: 18/18 MP: 1/1
    16 | D:5      | Noticed a hound
    24 | D:5      | Killed a hound
    25 | D:5      | Reached XP level 2. HP: 19/24 MP: 2/2
    25 | D:5      | Reached XP level 3. HP: 23/29 MP: 3/3
    98 | D:5      | Noticed a scorpion
   103 | D:5      | Killed a scorpion
   104 | D:5      | Reached XP level 4. HP: 35/35 MP: 4/4
   501 | D:5      | Learned a level 2 spell: Ensorcelled Hibernation
   512 | D:5      | Reached XP level 5. HP: 28/41 MP: 2/5
   888 | D:5      | Found the macabre finger necklace {rN+}
  1066 | D:5      | Reached skill level 1 in Spellcasting
  1066 | D:5      | Reached skill level 1 in Hexes
  1066 | D:5      | Reached skill level 1 in Ice Magic
  1066 | D:5      | Reached XP level 6. HP: 42/47 MP: 5/7
  1537 | D:6      | Reached skill level 6 in Stealth
  2208 | D:6      | Noticed KoroneIsBestGirl's ghost (novice BaFi)
  2209 | D:6      | Found a runed translucent door.
  2227 | D:6      | Noticed a water moccasin
  2237 | D:6      | Killed a water moccasin
  2238 | D:6      | Reached XP level 7. HP: 29/52 MP: 4/9
  2339 | D:6      | Noticed a water moccasin
  2391 | D:6      | Killed a water moccasin
  2770 | D:6      | Reached XP level 8. HP: 21/58 MP: 7/11
  2884 | D:7      | Found a broken altar of Ashenzari.
  2927 | D:7      | Killed from afar by a steam dragon

Illustrated notes

Levels and vault maps discovered:
D:5:      layout_loops_cross
D:6:      layout_loops_ring, hellmonk_ghost_happy_afterlife
D:7:      layout_basic, mainiacjoe_overflow_alcove_2,
          mainiacjoe_overflow_small_starburst, minmay_shop_grid_forest,
          kennysheep_cross_room, minmay_misc_feat_roman, hex_large

Skill      XL: |  1  2  3  4  5  6  7 |
---------------+----------------------+-----
Short Blades   | 3 4 |  4.4
Dodging        | 3 |  3.1
Spellcasting   | 1 2 |  2.6
Hexes          | 1 2 |  2.9
Ice Magic      | 1 2 |  2.9
Stealth        | 6 |  6.7
Fighting       | |  3.0

Action                   |  1- 3 |  4- 6 |  7- 9 || total
-------------------------+-------+-------+-------++-------
Melee: Short sword       |     4 |   122 |    45 ||   171
 Cast: Ensorcelled Hiber |       |     3 |    17 ||    20
  Use: Potion            |       |       |     3 ||     3
       Scroll            |       |       |     1 ||     1
 Stab: Sleeping          |     3 |     3 |     4 ||    10
Armor: Leather armour    |       |    16 |       ||    16
       Skin              |       |       |    17 ||    17
       Troll leather arm |       |       |    14 ||    14
Dodge: Dodged            |       |    77 |    40 ||   117

Table legend: (Time is in decaauts)
 A = Elapsed time spent in this place.
 B = Non-inter-level travel time spent in this place.
 C = Inter-level travel time spent in this place.
 D = Time resting spent in this place.
 E = Time spent auto-exploring this place.
 F = Levels seen in this place.
 G = Mean time per level.
                   A        B        C        D        E       F      G
               +--------+--------+--------+--------+--------+-----+--------+
         Total |   2917 |   2886 |     31 |    827 |   1498 |   3 |  972.3 |
       Dungeon |   2917 |   2886 |     31 |    827 |   1498 |   3 |  972.3 |
               +--------+--------+--------+--------+--------+-----+--------+

Top non-repeatable levels by time:
     D:5: 1580 daAuts
     D:6: 1260 daAuts
     D:7: 76 daAuts
